 Dungeon Crawl Stone Soup version 0.29.1-1-gd02db6906a (webtiles) character file.

Game seed: 6359398763440544852

3187 safid the Skirmisher (level 9, -8/89 HPs)
             Began as a Minotaur Hunter on Sept 27, 2022.
             Was a Follower of Okawaru.
             Mangled by a hornet (10 damage)
             ... on level 9 of the Dungeon.
             The game lasted 00:17:32 (10296 turns).

safid the Skirmisher (Minotaur Hunter)             Turns: 10296, Time: 00:17:32

Health: -8/89      AC:  6    Str: 17    XL:     9   Next: 64%
Magic:  10/10      EV: 12    Int:  6    God:    Okawaru [*.....]
Gold:   495        SH:  0    Dex: 17    Spells: 7/9 levels left

rFire   . . .      SeeInvis +   a - +0 shortbow
rCold   + . .      Faith    .   (shield currently unavailable)
rNeg    . . .      Spirit   .   c - +0 leather armour
rPois   +          Reflect  .   (helmet restricted)
rElec   .          Harm     .   (no cloak)
rCorr   .          Rampage  .   (no gloves)
Will    .....                   r - +2 pair of boots
Stlth   ++........              (no amulet)
HPRegen 0.24/turn               d - ring of see invisible
MPRegen 0.12/turn               i - ring of protection from cold

@: brilliant, lethally poisoned (-8 -> -16), slowed, very slow
A: horns 2, retaliatory headbutt, poison resistance, robust 1
a: Renounce Religion, Heroism


You were on level 9 of the Dungeon.
You worshipped Okawaru.
Okawaru was aware of your devotion.
You visited 2 branches of the dungeon, and saw 10 of its levels.

You collected 495 gold pieces.

Inventory:

Hand Weapons
 a - a +0 shortbow (weapon)
Missiles
 x - 4 throwing nets
Armour
 c - a +0 leather armour (worn)
 r - a +2 pair of boots (worn)
Jewellery
 d - a ring of see invisible (left hand)
 i - a ring of protection from cold (right hand)
 F - a ring of positive energy
Wands
 B - a wand of flame (16)
 G - a wand of digging (4)
Scrolls
 e - 3 scrolls of enchant weapon
 f - a scroll of magic mapping {unknown}
 h - 6 scrolls of blinking
 k - 3 scrolls of teleportation
 n - 2 scrolls of vulnerability {unknown}
 q - 4 scrolls of poison
 u - 2 scrolls of enchant armour {unknown}
 w - a scroll of silence {unknown}
 y - 2 scrolls of butterflies {unknown}
Potions
 b - a potion of brilliance
 j - a potion of flight {unknown}
 l - 2 potions of berserk rage {unknown}
 m - 2 potions of attraction {unknown}
 p - a potion of lignification {unknown}
 s - 2 potions of curing {unknown}
 t - 2 potions of invisibility {unknown}
 z - a potion of mutation
 C - a potion of might {unknown}
 D - a potion of resistance {unknown}
 E - a potion of ambrosia {unknown}


   Skills:
 - Level 8.0 Fighting
 + Level 12.4 Ranged Weapons
 - Level 2.1 Dodging
 - Level 0.7 Stealth
 + Level 0.6 Spellcasting
 + Level 2.5 Translocations
 + Level 3.4 Invocations


You had 7 spell levels left.
You knew the following spells:

 Your Spells              Type           Power      Damage    Failure   Level
a - Blink                 Tloc           8%         N/A       30%         2

Your spell library contained the following spells:

 Spells                   Type           Power      Damage    Failure   Level
 Foxfire                  Conj/Fire      0%         2x1d4     52%         1
 Magic Dart               Conj           0%         1d3       52%         1
 Gell's Gravitas          Tloc           4%         N/A       52%         3
 Teleport Other           Tloc           4%         N/A       52%         3
 Portal Projectile        Hex/Tloc       4%         N/A       71%         3
 Conjure Flame            Conj/Fire      0%         6-21      87%         3
 Inner Flame              Hex/Fire       0%         N/A       87%         3
 Mephitic Cloud           Conj/Pois/Air  0%         N/A       87%         3
 Iskenderun's Mystic Bla  Conj/Tloc      2%         2d3       98%         4
 Cause Fear               Hex            0%         N/A       99%         4
 Flame Wave               Conj/Fire      0%         2d4       99%         4
 Fulminant Prism          Conj/Hex       0%         3d6       99%         4
 Leda's Liquefaction      Hex/Erth       0%         N/A       99%         4
 Manifold Assault         Tloc           4%         N/A       99%         5
 Lee's Rapid Deconstruct  Erth           0%         3d5*      100%        5
 Dispersal                Tloc           2%         N/A       100%        6
 Storm Form               Tmut/Air       0%         N/A       100%        7
 Discord                  Hex            0%         N/A       100%        8
 Call Imp                 Summ           Unusable   N/A       N/A         2
 Call Canine Familiar     Summ           Unusable   N/A       N/A         3

Dungeon Overview and Level Annotations

Branches:
Dungeon (9/15)             Temple (1/1) D:5
   Lair: D:8-11         Orc: D:9-12

Altars:
Ashenzari
Cheibriados
Dithmenos
Elyvilon
Fedhas
Gozag
Hepliaklqana
Kikubaaqudgha
Makhleb
Nemelex Xobeh
Okawaru
Qazlal
Ru
Sif Muna
Trog
Uskayaw
Vehumet
Wu Jian
Xom
Yredelemnul
Zin
The Shining One

Annotations:
D:6 3 runed translucent doors, JacoesBerries's ghost, novice DECj; turdburglar's ghost, novice GrEE


Innate Abilities, Weirdness & Mutations

You have a pair of horns on your head.
You reflexively headbutt those who attack you in melee.
Your system is resistant to poisons. (rPois)
You are robust. (+10% HP)


Message History

You feel yourself slow down. The hornet stings you!
You feel as though you will be slow longer.
You can move again.
You are too injured to fight recklessly!
You are too injured to fight recklessly!
Unknown command.
Fire: a) +0 shortbow
Press: ? - help, Q - select action, (/) - cycle Shift-Dir - straight line, f/p - hornet
Aim: a hornet (59% to hit)
You shoot an arrow. The arrow hits the hornet!
The hornet is moderately wounded.
You feel very sick. The hornet stings you!
You feel as though you will be slow longer.
The hornet stings you but does no damage.
Unknown command.
Fire: a) +0 shortbow
Press: ? - help, Q - select action, (/) - cycle Shift-Dir - straight line, f/p - hornet
Aim: a hornet (moderately wounded, 59% to hit)
You shoot an arrow. The arrow closely misses the hornet.
You feel sick.
The hornet stings you but does no damage.
The hornet stings you!
* * * LOW HITPOINT WARNING * * *
You are lethally poisoned!
You feel as though you will be slow longer.
Unknown command.
It was a potion of mutation.
You feel extremely strange.
You feel robust.
You feel resistant to poisons.
* * * LOW HITPOINT WARNING * * *
You feel very sick. The hornet misses you. The hornet stings you.
* * * LOW HITPOINT WARNING * * *
You feel as though you will be slow longer.
It was a potion of brilliance.
You feel clever all of a sudden.
* * * LOW HITPOINT WARNING * * *
You feel very sick. The hornet stings you!
You die...

#.# #......#
#......## ##
#....... ...#[.....
....... ..>. #y## #.
#@># #. ##.# ##.####
##'### #.....#
#....# #.....#
#....# #.....#
#####....#
#.....#####...'.[..#
#...........###....+
#.....####### #....#


You could see a hornet.

Vanquished Creatures
  Sigmund (D:6)
  An ice beast (D:6)
  A black bear (D:7)
  An orc warrior (D:9)
  An ogre (D:6)
  2 centaurs
  A phantom (D:5)
  A kobold brigand (D:6)
  3 necrophages
  5 scorpions
  8 wights
  4 killer bees
  A howler monkey (D:7)
  5 hounds
  4 jellies
  7 orc priests
  4 iguanas
  9 orc wizards
  Robin (D:4)
  23 gnolls
  9 adders
  A white imp (D:7)
  3 worms
  A dart slug (D:2)
  26 orcs
  11 ball pythons
  7 endoplasms
  6 giant cockroaches
  19 goblins
  11 hobgoblins
  3 jackals (D:3)
  7 quokkas
  8 bats
  6 frilled lizards
  5 kobolds
  7 rats
213 creatures vanquished.

Vanquished Creatures (others)
  6 withered plants (D:6)
6 creatures vanquished.

Grand Total: 219 creatures vanquished

Notes
Turn   | Place    | Note
-------+----------+-------------------------------------------
     0 | D:1      | safid the Minotaur Hunter began the quest for the Orb.
     0 | D:1      | Reached XP level 1. HP: 18/18 MP: 0/0
   294 | D:1      | Reached XP level 2. HP: 24/25 MP: 1/1
  1037 | D:2      | Reached skill level 5 in Ranged Weapons
  1111 | D:2      | Reached XP level 3. HP: 31/31 MP: 2/2
  1143 | D:2      | Identified the +1 robe of Vis Cye {+Blink Str+5}
  1170 | D:2      | Reached XP level 4. HP: 18/40 MP: 3/3
  1491 | D:2      | Identified the +7 short sword "Killer Klown's Death"
                  | {vorpal, rC+}
  1802 | D:2      | Found a faded altar of an unknown god.
  2328 | D:3      | Reached XP level 5. HP: 47/47 MP: 4/4
  2353 | D:3      | Reached skill level 6 in Ranged Weapons
  2582 | D:3      | Found a sacrificial altar of Ru.
  2659 | D:3      | Reached skill level 5 in Fighting
  3157 | D:4      | Noticed Robin
  3169 | D:4      | Reached XP level 6. HP: 57/57 MP: 5/5
  3328 | D:4      | Killed Robin
  3889 | D:4      | Reached skill level 7 in Ranged Weapons
  4038 | D:5      | Entered Level 5 of the Dungeon
  4283 | D:5      | Reached XP level 7. HP: 57/64 MP: 6/6
  4910 | D:5      | Found a staircase to the Ecumenical Temple.
  5055 | Temple   | Entered the Ecumenical Temple
  5634 | D:5      | Reached skill level 8 in Ranged Weapons
  5983 | D:6      | Reached XP level 8. HP: 74/74 MP: 7/7
  6006 | D:6      | Noticed Sigmund
  6514 | D:6      | Reached skill level 9 in Ranged Weapons
  6765 | D:6      | Found a runed translucent gate.
  6766 | D:6      | Found a runed translucent gate.
  6766 | D:6      | Found a runed translucent gate.
  6767 | D:6      | Noticed turdburglar's ghost (novice GrEE)
  6767 | D:6      | Noticed JacoesBerries's ghost (novice DECj)
  7023 | D:6      | Reached skill level 10 in Ranged Weapons
  7547 | D:6      | Killed Sigmund
  7548 | D:6      | Reached skill level 11 in Ranged Weapons
  7991 | D:6      | Found an ancient bone altar of Kikubaaqudgha.
  7992 | D:6      | Found a radiant altar of Vehumet.
  7993 | D:6      | Found a bloodstained altar of Trog.
  7993 | D:6      | Found a basalt altar of Yredelemnul.
  7993 | D:6      | Found a shimmering blue altar of Sif Muna.
  7993 | D:6      | Found a hide-covered altar of Uskayaw.
  7994 | D:6      | Found a broken altar of Ashenzari.
  7995 | D:6      | Found an iron altar of Okawaru.
  7996 | D:6      | Found a hazy altar of Hepliaklqana.
  7998 | D:6      | Found a white marble altar of Elyvilon.
  8002 | D:6      | Became a worshipper of Warmaster Okawaru
  8201 | D:6      | Reached XP level 9. HP: 68/81 MP: 8/8
  8429 | D:7      | Learned a level 2 spell: Blink
  8553 | D:7      | Reached skill level 1 in Invocations
  8806 | D:7      | Reached skill level 12 in Ranged Weapons
  8806 | D:7      | Reached skill level 1 in Translocations
  8972 | D:7      | Reached * piety under Okawaru
 10290 | D:9      | Paralysed by a hornet for 2 turns
 10295 | D:9      | Gained mutation: You are robust. (+10% HP) [potion of
                  | mutation]
 10295 | D:9      | Gained mutation: Your system is resistant to poisons.
                  | (rPois) [potion of mutation]
 10296 | D:9      | HP: 2/89 [poisoned by a hornet]
 10296 | D:9      | Mangled by a hornet

Illustrated notes

Levels and vault maps discovered:
D:1:      dpeg_arrival_connections, layout_loops_corners
D:2:      layout_basic, shapermc_ecumenical_altar_gd
D:3:      layout_loops_ring, nicolae_ru_awakened_eye, hangedman_decor_points,
          minmay_misc_feat_cross, dreamdust_wishing_well, minmay_pentomino_pile
D:4:      layout_rooms, uniq_robin
D:5:      layout_layer_cave, minmay_temple_entry_overgrown
D:6:      minmay_razor_zed, layout_basic, minitemple, gammafunk_ghost_cemetery,
          interstate_on_off, uniq_sigmund
D:7:      layout_cave_pools
D:8:      layout_rooms, dreamdust_princess_bridge
D:9:      layout_roguey, orc_0_dummy, minivault_25_ag
Temple:   hellmonk_temple_of_storms

Skill      XL: |  1  2  3  4  5  6  7  8  9 |
---------------+----------------------------+-----
Fighting       | 3 4 5 6 8 |  8.0
Ranged Weapons | 5 6 7 8 11 12 | 12.4
Invocations    | 3 |  3.4
Translocations | 2 |  2.5
Dodging        | |  2.1
Stealth        | |  0.7
Spellcasting   | |  0.6

Action                   |  1- 3 |  4- 6 |  7- 9 || total
-------------------------+-------+-------+-------++-------
Melee: Shortbow          |       |       |     1 ||     1
 Fire: Shortbow          |    84 |   254 |   450 ||   788
  Use: Scroll            |       |       |     7 ||     7
       Potion            |       |       |     6 ||     6
Armor: Leather armour    |     4 |    32 |    77 ||   113
Dodge: Dodged            |    16 |    85 |   198 ||   299
